AAA WEST
RENO ACES @ ALBUQUERQUE ISOTOPES
07/17/2041
 
TOP OF THE 1ST
Reno Aces batting - Pitching for Albuquerque Isotopes : RHP Dave John
Pitching: RHP Dave John
Batting: LHB Jody Grant 0-0: Called Strike
0-1: Ball
1-1: Called Strike
1-2: Ball
2-2: Ball
3-2: SINGLE (Line Drive, 8LS, EV 106.3 MPH)
Batting: LHB Josh Daniel 0-0: Ball
1-0: Ball
2-0: Ball
3-0: Called Strike
3-1: Base on Balls
Jody Grant to second
Batting: RHB Lou Jones 0-0: Ball
1-0: Ball
2-0: Called Strike
2-1: Called Strike
2-2: Ball
3-2: Foul Ball, location: 5FF
3-2: Foul Ball, location: 7LSF
3-2: Fly out, F8 (Flyball, 8LD, EV 104.4 MPH)
Batting: LHB Bob MacEachern 0-0: Swinging Strike
0-1: Foul Ball, location: 3DF
0-2: Ball
1-2: Foul Ball, location: 3FF
1-2: Strikes out swinging
Batting: LHB Bob Burns 0-0: Swinging Strike
0-1: Foul Ball, location: 7LDF
0-2: SINGLE (Groundball, 34D, EV 98.8 MPH)
Jody Grant to third
Josh Daniel to second
Runner from 3rd tries for Home, throw by RF and OUT! 9-2
Top of the 1st over - 0 runs, 2 hits, 0 errors, 2 left on base; Reno 0 - Albuquerque 0
BOTTOM OF THE 1ST
Albuquerque Isotopes batting - Pitching for Reno Aces : RHP Arlen MacIndoe
Pitching: RHP Arlen MacIndoe
Batting: RHB José Caraballo 0-0: Called Strike
0-1: Foul Ball, location: 9LDF
0-2: Strikes out swinging
Batting: RHB Sean Vaughan 0-0: Called Strike
0-1: Ball
1-1: Called Strike
1-2: Fly out, F7 (Line Drive, 7LM, EV 103.8 MPH)
Batting: RHB Cisco Sandodal 0-0: Foul Ball, location: 2RF
0-1: Foul Ball, location: 2F
0-2: Ball
1-2: Strikes out swinging
Bottom of the 1st over - 0 runs, 0 hits, 0 errors, 0 left on base; Reno 0 - Albuquerque 0
TOP OF THE 2ND
Reno Aces batting - Pitching for Albuquerque Isotopes : RHP Dave John
Batting: RHB Sergio Deleón 0-0: Ball
1-0: Ground out 6-3 (Groundball, 6, EV 105.6 MPH)
Batting: RHB P.J. Frazier 0-0: Called Strike
0-1: Ball
1-1: Ball
2-1: SINGLE (Line Drive, 4MD, EV 95.0 MPH)
Batting: LHB José Castro 0-0: Ball
1-0: Ball
2-0: SINGLE (Groundball, 4MD, EV 111.9 MPH)
P.J. Frazier to second
Batting: RHB Rob Jones 0-0: Ball
1-0: Foul Ball, location: 2F
1-1: Called Strike
1-2: Foul Ball, location: 2LF
1-2: Foul Ball, location: 3FF
1-2: Ball
2-2: Foul Ball, location: 23FF
2-2: Ball
3-2: Fly out, F9 (Flyball, 89M, EV 86.9 MPH)
Batting: LHB Jody Grant 0-0: Ball
1-0: Fielders Choice at 2nd, 6-4 (Groundball, 6, EV 79.4 MPH)
Top of the 2nd over - 0 runs, 2 hits, 0 errors, 2 left on base; Reno 0 - Albuquerque 0
BOTTOM OF THE 2ND
Albuquerque Isotopes batting - Pitching for Reno Aces : RHP Arlen MacIndoe
Batting: LHB Andy Bean 0-0: Called Strike
0-1: Ground out 5-3 (Groundball, 56, EV 81.3 MPH)
Batting: LHB Alex Battle 0-0: Ball
1-0: Ball
2-0: Ball
3-0: Called Strike
3-1: Foul Ball, location: 25FF
3-2: Foul Ball, location: 3SF
3-2: Base on Balls
Batting: RHB Jim Kennedy 0-0: Called Strike
0-1: Fly out, F4 (Popup, 13S, EV 75.0 MPH)
Batting: LHB Luis Rodríguez 0-0: Ball
1-0: Ball
2-0: Called Strike
2-1: Ball
Wild Pitch!
Alex Battle to second
3-1: Base on Balls
Batting: SHB Norberto Mejía 0-0: Ball
Wild Pitch!
Alex Battle to third
Luis Rodríguez to second
1-0: Ball
2-0: Called Strike
2-1: Foul Ball, location: 2F
2-2: Ball
3-2: Base on Balls
Batting: RHB Adrián Pacheco 0-0: Fielders Choice at 2nd, 6-4 (Groundball, 6MD, EV 104.4 MPH)
Bottom of the 2nd over - 0 runs, 0 hits, 0 errors, 3 left on base; Reno 0 - Albuquerque 0
TOP OF THE 3RD
Reno Aces batting - Pitching for Albuquerque Isotopes : RHP Dave John
Batting: LHB Josh Daniel 0-0: Ball
1-0: Ball
2-0: Ball
3-0: Foul Ball, location: 2F
3-1: Foul Ball, location: 2F
3-2: SINGLE (Line Drive, 89S, EV 85.6 MPH)
Batting: RHB Lou Jones 0-0: Called Strike
0-1: Ball
1-1: Ball
2-1: Ball
3-1: Base on Balls
Josh Daniel to second
Batting: LHB Bob MacEachern 0-0: Called Strike
0-1: Swinging Strike
0-2: Ball
1-2: Strikes out looking
Batting: LHB Bob Burns 0-0: Ball
1-0: Ball
2-0: Ball
3-0: Called Strike
3-1: Foul Ball, location: 9LMF
3-2: Base on Balls
Josh Daniel to third
Lou Jones to second
Batting: RHB Sergio Deleón 0-0: Ball
1-0: Ball
2-0: SINGLE (Line Drive, 89S, EV 100.0 MPH)
Josh Daniel scores
Lou Jones to third
Bob Burns to second
Runner from 3rd tries for Home, SAFE, throw by RF to home
Batting: RHB P.J. Frazier 0-0: Ball
1-0: Foul Ball, location: 9LMF
1-1: Ball
2-1: Swinging Strike
2-2: Fielders Choice at 2nd, 6-4 (Groundball, 6, EV 80.0 MPH)
Bob Burns to third
Batting: LHB José Castro 0-0: Foul Ball, location: 5FF
0-1: Foul Ball, location: 2F
0-2: Foul Ball, location: 25FF
0-2: Strikes out swinging
Top of the 3rd over - 2 runs, 2 hits, 0 errors, 2 left on base; Reno 2 - Albuquerque 0
BOTTOM OF THE 3RD
Albuquerque Isotopes batting - Pitching for Reno Aces : RHP Arlen MacIndoe
Batting: RHB José Caraballo 0-0: Ball
1-0: Ball
2-0: Ball
3-0: Base on Balls
Batting: RHB Sean Vaughan 0-0: Called Strike
José Caraballo steals 2nd base
0-1: Foul Ball, location: 23F
0-2: Ball
1-2: Reached on error, E1 (Groundball, 15S, EV 64.4 MPH)
José Caraballo to third
Batting: RHB Cisco Sandodal 0-0: Swinging Strike
0-1: Swinging Strike
0-2: Ball
1-2: Ball
2-2: Foul Ball, location: 9LMF
2-2: Strikes out swinging
Batting: LHB Andy Bean 0-0: Called Strike
Sean Vaughan steals 2nd base
0-1: Foul Ball, location: 2F
0-2: Strikes out looking
Batting: LHB Alex Battle 0-0: Called Strike
0-1: Ball
1-1: Ball
2-1: SINGLE (Groundball, 4MD, EV 105.6 MPH)
José Caraballo scores
Sean Vaughan to third
Runner from 3rd tries for Home, SAFE, throw by CF to home
Alex Battle to second
Batting: RHB Jim Kennedy 0-0: Ball
1-0: Foul Ball, location: 2F
1-1: Ball
2-1: Ball
3-1: Called Strike
3-2: Base on Balls
Batting: LHB Luis Rodríguez 0-0: Ball
1-0: Called Strike
1-1: Swinging Strike
1-2: Ball
2-2: Ground out U3 (Groundball, 3L, EV 81.3 MPH)
Bottom of the 3rd over - 2 runs, 1 hit, 1 error, 2 left on base; Reno 2 - Albuquerque 2
TOP OF THE 4TH
Reno Aces batting - Pitching for Albuquerque Isotopes : RHP Dave John
Batting: RHB Rob Jones 0-0: Ball
1-0: Called Strike
1-1: Ball
2-1: Foul Ball, location: 3FF
2-2: Foul Ball, location: 2F
2-2: Foul Ball, location: 3FF
2-2: Foul Ball, location: 2F
2-2: Ball
3-2: DOUBLE (Line Drive, 7LS, EV 96.9 MPH)
Batting: LHB Jody Grant 0-0: Ball
1-0: Called Strike
1-1: Swinging Strike
1-2: DOUBLE (Line Drive, 9LM, EV 90.6 MPH)
Rob Jones scores
Batting: LHB Josh Daniel 0-0: Foul Ball, location: 2F
0-1: Foul Ball, location: 7LSF
0-2: Ball
1-2: Strikes out swinging
Pitching: LHP Tony Romero
Batting: RHB Lou Jones 0-0: Swinging Strike
0-1: Ball
1-1: Ball
2-1: Swinging Strike
2-2: Ball
3-2: Foul Ball, location: 25FF
3-2: Strikes out looking
Batting: LHB Bob MacEachern 0-0: Ball
1-0: Ground out 4-3 (Groundball, 4, EV 86.9 MPH)
Top of the 4th over - 1 run, 2 hits, 0 errors, 1 left on base; Reno 3 - Albuquerque 2
BOTTOM OF THE 4TH
Albuquerque Isotopes batting - Pitching for Reno Aces : RHP Arlen MacIndoe
Batting: SHB Norberto Mejía 0-0: Swinging Strike
0-1: Fly out, F6 (Popup, 6M, EV 65.0 MPH)
Batting: RHB Adrián Pacheco 0-0: Fly out, F9 (Flyball, 89D, EV 83.8 MPH)
Batting: RHB José Caraballo 0-0: Ball
1-0: Swinging Strike
1-1: Foul Ball, location: 25F
1-2: Ground out 6-3 (Groundball, 4MD, EV 88.8 MPH)
Bottom of the 4th over - 0 runs, 0 hits, 0 errors, 0 left on base; Reno 3 - Albuquerque 2
TOP OF THE 5TH
Reno Aces batting - Pitching for Albuquerque Isotopes : LHP Tony Romero
Batting: LHB Bob Burns 0-0: Ball
1-0: Ball
2-0: Called Strike
2-1: Swinging Strike
2-2: Ball
3-2: Fly out, F9 (Flyball, 9, EV 75.0 MPH)
Batting: RHB Sergio Deleón 0-0: Ball
1-0: Ball
2-0: Called Strike
2-1: Called Strike
2-2: Strikes out looking
Batting: RHB P.J. Frazier 0-0: SINGLE (Groundball, 4, EV 81.9 MPH)
Batting: LHB José Castro 0-0: Ball
1-0: Ball
2-0: Ball
3-0: Called Strike
3-1: Called Strike
3-2: Fly out, F5 (Popup, 56S, EV 73.8 MPH)
Top of the 5th over - 0 runs, 1 hit, 0 errors, 1 left on base; Reno 3 - Albuquerque 2
BOTTOM OF THE 5TH
Albuquerque Isotopes batting - Pitching for Reno Aces : RHP Arlen MacIndoe
Batting: RHB Sean Vaughan 0-0: Ball
1-0: Ball
2-0: Foul Ball, location: 9LSF
2-1: Foul Ball, location: 2F
2-2: Foul Ball, location: 9LMF
2-2: Ball
3-2: Strikes out swinging
Batting: RHB Cisco Sandodal 0-0: Foul Ball, location: 2F
0-1: Foul Ball, location: 2F
0-2: Ball
1-2: Ball
2-2: Ball
3-2: Foul Ball, location: 3DF
3-2: Fly out, F9 (Flyball, 89S, EV 78.1 MPH)
Batting: LHB Andy Bean 0-0: Ball
1-0: Ground out 4-3 (Groundball, 4MD, EV 99.4 MPH)
Bottom of the 5th over - 0 runs, 0 hits, 0 errors, 0 left on base; Reno 3 - Albuquerque 2
TOP OF THE 6TH
Reno Aces batting - Pitching for Albuquerque Isotopes : LHP Tony Romero
Batting: RHB Rob Jones 0-0: Ball
1-0: Foul Ball, location: 3SF
1-1: Foul Ball, location: 3SF
1-2: Strikes out swinging
Batting: LHB Jody Grant 0-0: Fly out, F7 (Flyball, 78D, EV 88.8 MPH)
Batting: LHB Josh Daniel 0-0: Ball
1-0: Foul Ball, location: 2F
1-1: Ball
2-1: SINGLE (Groundball, 6MD, EV 108.1 MPH)
Pitching: RHP Raúl Villarreal
Batting: RHB Lou Jones 0-0: Ground out 4-3 (Groundball, 4S, EV 70.0 MPH)
Top of the 6th over - 0 runs, 1 hit, 0 errors, 1 left on base; Reno 3 - Albuquerque 2
BOTTOM OF THE 6TH
Albuquerque Isotopes batting - Pitching for Reno Aces : RHP Arlen MacIndoe
Batting: LHB Alex Battle 0-0: Fly out, F7 (Flyball, 7S, EV 73.8 MPH)
Batting: RHB Jim Kennedy 0-0: Foul Ball, location: 2F
0-1: Swinging Strike
0-2: Ball
1-2: Strikes out swinging, 2-3 out at first.
Batting: LHB Luis Rodríguez 0-0: Ball
1-0: Ball
2-0: Foul Ball, location: 25F
2-1: Ball
3-1: Base on Balls
Pitching: RHP Jim Barrett
Batting: SHB Norberto Mejía 0-0: Called Strike
0-1: Ball
1-1: Ball
2-1: Ball
3-1: Fly out, F7 (Flyball, 7, EV 78.1 MPH)
Bottom of the 6th over - 0 runs, 0 hits, 0 errors, 1 left on base; Reno 3 - Albuquerque 2
TOP OF THE 7TH
Reno Aces batting - Pitching for Albuquerque Isotopes : RHP Raúl Villarreal
Batting: LHB Bob MacEachern 0-0: Ball
1-0: Foul Ball, location: 7LDF
1-1: SINGLE (Line Drive, 7S, EV 104.4 MPH)
Batting: LHB Bob Burns 0-0: Ball
1-0: Foul Ball, location: 5F
1-1: Fly out, F8 (Flyball, 8LD, EV 100.6 MPH)
Batting: RHB Sergio Deleón 0-0: Ball
1-0: Ball
2-0: Ball
3-0: Called Strike
3-1: Foul Ball, location: 3DF
3-2: Base on Balls
Bob MacEachern to second
Batting: RHB P.J. Frazier 0-0: Fly out, F1 (Popup, P, EV 84.4 MPH)
Batting: LHB José Castro 0-0: Swinging Strike
0-1: Swinging Strike
0-2: Ball
1-2: Strikes out swinging
Top of the 7th over - 0 runs, 1 hit, 0 errors, 2 left on base; Reno 3 - Albuquerque 2
BOTTOM OF THE 7TH
Albuquerque Isotopes batting - Pitching for Reno Aces : RHP Jim Barrett
Batting: RHB Adrián Pacheco 0-0: SINGLE (Line Drive, 7LS, EV 90.0 MPH)
Batting: RHB José Caraballo 0-0: Ball
1-0: Called Strike
1-1: Sac Bunt to P - play at first, batter OUT! 1-3
Adrián Pacheco to second
Batting: RHB Sean Vaughan 0-0: Fly out, F7 (Flyball, 7D, EV 86.9 MPH)
Pinch Hitting: LHB Ernesto Ledezma 0-0: Ground out 5-3 (Groundball, 56, EV 105.0 MPH)
Bottom of the 7th over - 0 runs, 1 hit, 0 errors, 1 left on base; Reno 3 - Albuquerque 2
TOP OF THE 8TH
Reno Aces batting - Pitching for Albuquerque Isotopes : RHP Raúl Villarreal
Now in CF: Ernesto Ledezma
Batting: RHB Rob Jones 0-0: Swinging Strike
0-1: Ball
1-1: Foul Ball, location: 3DF
1-2: Ball
2-2: Ball
3-2: Base on Balls
Batting: LHB Jody Grant 0-0: Ball
1-0: Foul Ball, location: 2F
1-1: Sac Bunt to 2R - play at first, batter OUT! 2-3
Rob Jones to second
Batting: LHB Josh Daniel 0-0: Ball
Wild Pitch!
Rob Jones to third
1-0: Ball
2-0: Ball
3-0: Base on Balls
Batting: RHB Lou Jones 0-0: Foul Ball, location: 9LMF
0-1: Swinging Strike
0-2: Foul Ball, location: 7LSF
0-2: Ball
1-2: Ball
2-2: 3-RUN HOME RUN (Flyball, 8LXD, EV 111.9 MPH), Distance : 454 ft
Pitching: RHP Norberto Colón
Batting: LHB Bob MacEachern 0-0: Called Strike
0-1: Ball
1-1: Called Strike
1-2: Strikes out swinging
Batting: LHB Bob Burns 0-0: Ball
1-0: Called Strike
1-1: Ball
2-1: Ball
3-1: Called Strike
3-2: Base on Balls
Batting: RHB Sergio Deleón 0-0: Fly out, F8 (Flyball, 8RXD, EV 104.4 MPH)
Top of the 8th over - 3 runs, 1 hit, 0 errors, 1 left on base; Reno 6 - Albuquerque 2
BOTTOM OF THE 8TH
Albuquerque Isotopes batting - Pitching for Reno Aces : RHP Jim Barrett
Batting: LHB Andy Bean 0-0: Ball
1-0: SINGLE (Line Drive, 56D, EV 100.0 MPH)
Batting: LHB Alex Battle 0-0: Ball
1-0: Fly out, F7 (Flyball, 78S, EV 86.9 MPH)
Pinch Hitting: LHB Aloísio Penhascos 0-0: Ball
1-0: Called Strike
1-1: Called Strike
1-2: Ball
2-2: Ball
3-2: Foul Ball, location: 2F
3-2: DOUBLE (Flyball, 8RXD, EV 98.1 MPH)
Andy Bean to third
Runner from 3rd tries for Home, SAFE, no throw by CF
Batting: LHB Luis Rodríguez 0-0: Ball
1-0: Swinging Strike
1-1: Ground out U3 (Groundball, 3L, EV 86.9 MPH)
Aloísio Penhascos to third
Batting: SHB Norberto Mejía 0-0: Ball
1-0: Ball
2-0: Ball
3-0: Called Strike
3-1: Foul Ball, location: 2F
3-2: Base on Balls
Batting: RHB Adrián Pacheco 0-0: Ball
1-0: Ball
2-0: Ball
3-0: Called Strike
3-1: Swinging Strike
3-2: Base on Balls
Norberto Mejía to second
Pitching: RHP Eric Bennett
Batting: RHB José Caraballo 0-0: Called Strike
0-1: SINGLE (Line Drive, 8LS, EV 91.9 MPH)
Aloísio Penhascos scores
Norberto Mejía to third
Adrián Pacheco to second
Runner from 3rd tries for Home, SAFE, throw by CF to home
Batting: RHB Sean Vaughan 0-0: Ground out 4-3 (Groundball, 4, EV 101.9 MPH)
Bottom of the 8th over - 3 runs, 3 hits, 0 errors, 2 left on base; Reno 6 - Albuquerque 5
TOP OF THE 9TH
Reno Aces batting - Pitching for Albuquerque Isotopes : RHP Norberto Colón
Now at 1B: Aloísio Penhascos
Batting: RHB P.J. Frazier 0-0: Called Strike
0-1: Foul Ball, location: 25F
0-2: Ball
1-2: SINGLE (Groundball, 6S, EV 91.3 MPH) (infield hit)
Batting: LHB José Castro 0-0: Ball
1-0: Called Strike
1-1: Ball
2-1: Fly out, F7 (Flyball, 7D, EV 85.0 MPH)
Pinch Hitting: LHB Luis Hernández 0-0: Ball
1-0: Foul Ball, location: 2F
1-1: Called Strike
1-2: Foul Ball, location: 5SF
1-2: Ball
2-2: Strikes out looking
Batting: LHB Jody Grant 0-0: Ball
1-0: Foul Ball, location: 7LMF
1-1: SINGLE (Flyball, 89S, EV 96.9 MPH)
P.J. Frazier to second
Runner from 2nd tries for 3rd, SAFE, throw by RF made to third
Batting: LHB Josh Daniel 0-0: Called Strike
0-1: Ball
1-1: Called Strike
1-2: Foul Ball, location: 9LSFF
1-2: Ball
Jody Grant steals 2nd base
2-2: Foul Ball, location: 23F
2-2: Ground out 4-3 (Groundball, 4, EV 88.8 MPH)
Top of the 9th over - 0 runs, 2 hits, 0 errors, 2 left on base; Reno 6 - Albuquerque 5
BOTTOM OF THE 9TH
Albuquerque Isotopes batting - Pitching for Reno Aces : RHP Eric Bennett
Pitching: RHP Dave Baxter
Now at SS: Rogelio Gabriel
Batting: LHB Ernesto Ledezma 0-0: Ball
1-0: Called Strike
1-1: DOUBLE (Line Drive, 78XD, EV 107.5 MPH)
Batting: LHB Andy Bean 0-0: Ball
1-0: Fly out, F9 (Flyball, 9, EV 93.1 MPH)
Runner from 2nd tags up, SAFE at 3rd with throw by RF
Batting: LHB Alex Battle 0-0: Called Strike
0-1: Called Strike
0-2: Foul Ball, location: 7LMF
0-2: DOUBLE (Flyball, 5D, EV 92.5 MPH)
Ernesto Ledezma scores
Batting: LHB Aloísio Penhascos 0-0: Fly out, F9 (Flyball, 89S, EV 84.4 MPH)
Batting: LHB Luis Rodríguez 0-0: Intentional Walk
Batting: SHB Norberto Mejía 0-0: Ball
1-0: Ground out 3-1 (Groundball, 34, EV 91.9 MPH)
Bottom of the 9th over - 1 run, 2 hits, 0 errors, 2 left on base; Reno 6 - Albuquerque 6
TOP OF THE 10TH
Reno Aces batting - Pitching for Albuquerque Isotopes : RHP Norberto Colón
Pitching: RHP Eric Brown
Batting: RHB Lou Jones 0-0: Ball
1-0: Ball
2-0: Called Strike
2-1: Ball
3-1: Base on Balls
Batting: LHB Bob MacEachern 0-0: Ball
1-0: Ball
2-0: Called Strike
2-1: DOUBLE (Line Drive, 78XD, EV 110.0 MPH)
Lou Jones to third
Batting: LHB Bob Burns 0-0: Intentional Walk
Pinch Hitting: LHB Ron Griffin 0-0: Foul Ball, location: 5F
0-1: Ball
1-1: Ball
2-1: SINGLE (Groundball, 4, EV 97.5 MPH) (infield hit)
Lou Jones scores
Bob MacEachern to third
Bob Burns to second
Batting: RHB P.J. Frazier 0-0: Ball
1-0: Foul Ball, location: 25FF
1-1: Grounds into fielders choice 4-2 (Groundball, 4, EV 83.8 MPH)
Bob Burns to third
Ron Griffin to second
Batting: LHB José Castro 0-0: Ball
1-0: Called Strike
1-1: Ball
2-1: Ball
3-1: DOUBLE (Line Drive, 7LS, EV 98.8 MPH)
Bob Burns scores
Ron Griffin scores
P.J. Frazier to third
Pinch Hitting: LHB Tony Allen 0-0: Foul Ball, location: 5F
0-1: Ball
1-1: Swinging Strike
1-2: Ball
2-2: Strikes out swinging
Pitching: RHP Caden Purvis
Batting: LHB Jody Grant 0-0: Ball
1-0: Called Strike
1-1: Swinging Strike
1-2: Foul Ball, location: 2F
1-2: Strikes out looking
Top of the 10th over - 3 runs, 3 hits, 0 errors, 2 left on base; Reno 9 - Albuquerque 6
BOTTOM OF THE 10TH
Albuquerque Isotopes batting - Pitching for Reno Aces : RHP Dave Baxter
Pitching: RHP Doug Benton
Now at 2B: Tony Allen
Now at SS: Naoya Okabe
Pinch Hitting: LHB José De Los Santos 0-0: Ball
1-0: Swinging Strike
1-1: Foul Ball, location: 2F
1-2: Fly out, F7 (Flyball, 7LS, EV 98.8 MPH)
Batting: RHB José Caraballo 0-0: Ball
1-0: Ball
2-0: Ball
3-0: Called Strike
3-1: Foul Ball, location: 2F
3-2: Strikes out swinging
Batting: RHB Sean Vaughan 0-0: Fly out, F5 (Line Drive, 5, EV 65.6 MPH)
Bottom of the 10th over - 0 runs, 0 hits, 0 errors, 0 left on base; Reno 9 - Albuquerque 6
Monday, April 1st , 2024 - OOTP Baseball 24.10 Build 82